 Dungeon Crawl Stone Soup version 0.31.0-32-g396128a36d (webtiles) character file.

Game seed: 449714521399119463

107 PaiMei the Grave Robber (level 4, -2/32 HPs)
             Began as a Demonspawn Necromancer on Apr 24, 2024.
             Slain by a gnoll
             ... wielding a +0 spear
              (8 damage)
             ... on level 3 of the Dungeon.
             The game lasted 00:02:48 (2423 turns).

PaiMei the Grave Robber (Demonspawn Necromancer)    Turns: 2423, Time: 00:02:48

Health: -2/32      AC:  2    Str:  8    XL:     4   Next: 57%
Magic:  1/8        EV: 13    Int: 17    God:
Gold:   63         SH:  0    Dex: 16    Spells: 4/8 levels left

rFire   . . .        g - +2 short sword (drain)
rCold   . . .        (no shield)
rNeg    . . .        a - +0 robe
rPois   .            (helmet restricted)
rElec   .            (no cloak)
rCorr   .            (no gloves)
SInv    .            (no boots)
Will    .....        (no amulet)
Stlth   +++          (no ring)
HPRegen 0.25/turn    (no ring)
MPRegen 0.11/turn

%: no passive effects
@: no status effects
A: horns 1, thin skeletal structure 1, foul stench 1
a: no special abilities


You were on level 3 of the Dungeon.
You visited 1 branch of the dungeon, and saw 3 of its levels.

You collected 63 gold pieces.

Inventory:

Hand Weapons
 g - a +2 short sword of draining (weapon)
 m - a +1 dagger of electrocution
Missiles
 k - 2 poisoned darts (quivered)
Armour
 a - a +0 robe (worn)
Jewellery
 c - a ring of fire
Scrolls
 f - a scroll of fog {unknown}
 h - 2 scrolls of teleportation {unknown}
 i - a scroll of immolation {unknown}
 j - a scroll of poison {unknown}
 l - a scroll of identify {unknown}
Potions
 b - a potion of magic
 d - a potion of heal wounds {unknown}
 e - a potion of enlightenment {unknown}
 n - a potion of curing {unknown}


   Skills:
 + Level 1.4 Fighting
 + Level 2.6 Dodging
 - Level 2.2 Stealth
 + Level 2.7 Spellcasting
 + Level 5.0 Necromancy


You had 4 spell levels left.
You knew the following spells:

 Your Spells              Type           Power      Damage    Failure   Level
a - Necrotise             Necr           76%        1d7       2%          1
b - Vampiric Draining     Necr           19%        2d7       7%          3

Your spell library contained the following spells:

 Spells                   Type           Power      Damage    Failure   Level
 Summon Small Mammal      Summ           8%         N/A       19%         1
 Animate Dead             Necr           19%        N/A       22%         4
 Call Canine Familiar     Summ           2%         N/A       47%         3
 Summon Blazeheart Golem  Fire/Summ      2%         N/A       87%         4
 Curse of Agony           Necr           19%        N/A       54%         5


Dungeon Overview and Level Annotations

Branches:
Dungeon (3/15)

Altars:
Gozag
Ru

Shops:
D:1 (   D:2 =

Annotations:
D:3 3 runed translucent doors, ZoaN's ghost, amateur GrEE


Innate Abilities, Weirdness & Mutations

You have a pair of small horns on your head.
You have a somewhat thin skeletal structure. (Dex +2, Stealth+)
You may rarely emit foul miasma when damaged in melee.


Message History

You struggle against the net.
Your gnoll skeleton hits the gnoll but does no damage.
The gnoll barely misses your gnoll skeleton.
The gnoll hits you from afar with a +0 spear!
You struggle against the net.
Your gnoll skeleton hits the gnoll but does no damage.
The gnoll hits your gnoll skeleton with a +0 whip.
The gnoll hits you from afar with a +0 spear.
You shred the net and break free!
The gnoll hits your gnoll skeleton with a +0 whip.
Your gnoll skeleton is destroyed!
The gnoll throws a throwing net.
The throwing net hits you.
You become entangled in the net!
You struggle against the net.
The gnoll hits you but does no damage.
You tear a large gash into the net.
The gnoll hits you from afar with a +0 spear.
You rip the net and break free!
The gnoll misses you. The gnoll barely misses you.
Casting: Necrotise (safe; 2% risk of failure)
Confirm with . or Enter, or press ? or * to list all spells.
Aiming: Necrotise (safe; 2% risk of failure)
Press: ? - help, Shift-Dir - straight line, f - gnoll
Aim: a gnoll, wielding a +0 whip (chance to affect: 84%)
The gnoll writhes in agony.
The gnoll barely misses you. The gnoll closely misses you.
Casting: Necrotise (safe; 2% risk of failure)
Confirm with . or Enter, or press ? or * to list all spells.
Aiming: Necrotise (safe; 2% risk of failure)
Press: ? - help, Shift-Dir - straight line, f/p - gnoll
Aim: a gnoll, wielding a +0 whip (heavily wounded, chance to affect: 84%)
The gnoll writhes in agony.
You kill the gnoll!
The dead are walking!
The gnoll hits you from afar with a +0 spear!
* * * LOW HITPOINT WARNING * * *
Casting: Necrotise (safe; 2% risk of failure)
Confirm with . or Enter, or press ? or * to list all spells.
You can't see any susceptible monsters within range! (Use Z to cast anyway.)
The gnoll hits you from afar with a +0 spear!
You die...

#.#######
##..#.####
#######.#
#..#.)..#
###.......#
....###.##
#......####
.###.. ##.#
#......# #
### #.#.
#......######
##.#
#...........#
..#.
#......####.#
##### ...#.#
#......#
#@#......
......#.
#......#
#.Zg.....
........
#......#
#########
.####...
#......# #...
#......# #...
#......# #...
#.#. ##.#
#.#.


You could see a gnoll (ally target) and a friendly gnoll skeleton.

Vanquished Creatures
  An orc priest (D:3)
  2 gnolls (D:3)
  4 dart slugs (D:1)
  A ribbon worm (D:2)
  5 orcs (D:3)
  4 bats
  3 endoplasms (D:1)
  A giant cockroach (D:1)
  2 hobgoblins
  A jackal (D:1)
  6 kobolds
  A ball python (D:2)
  5 frilled lizards
  4 goblins
  3 rats
43 creatures vanquished.

Vanquished Creatures (collateral kills)
  A jackal (D:1)
1 creature vanquished.

Grand Total: 44 creatures vanquished

Notes
Turn   | Place    | Note
-------+----------+-------------------------------------------
     0 | D:1      | PaiMei the Demonspawn Necromancer began the quest for the
                  | Orb.
     0 | D:1      | Reached XP level 1. HP: 13/13 MP: 3/3
   281 | D:1      | Gained mutation: You have a pair of small horns on your
                  | head. [demonic ancestry]
   281 | D:1      | Reached XP level 2. HP: 19/19 MP: 1/5
   597 | D:1      | Found a faded altar of an unknown god.
   774 | D:1      | Gained mutation: You may rarely emit foul miasma when
                  | damaged in melee. [demonic ancestry]
   774 | D:1      | Reached XP level 3. HP: 24/24 MP: 3/6
   778 | D:1      | Learned a level 3 spell: Vampiric Draining
   876 | D:1      | Found Unkel's Antique Weapon Shoppe.
  1502 | D:2      | Found a sacrificial altar of Ru.
  1615 | D:2      | Found Qafoerch's Jewellery Shoppe.
  2233 | D:3      | Found a runed translucent gate.
  2233 | D:3      | Found a runed translucent gate.
  2233 | D:3      | Found a runed translucent gate.
  2234 | D:3      | Found an opulent altar of Gozag.
  2235 | D:3      | Noticed ZoaN's ghost (amateur GrEE)
  2235 | D:3      | Noticed an ice beast
  2263 | D:3      | Reached skill level 1 in Fighting
  2263 | D:3      | Gained mutation: You have a somewhat thin skeletal
                  | structure. (Dex +2, Stealth+) [demonic ancestry]
  2263 | D:3      | Reached XP level 4. HP: 12/32 MP: 1/7
  2413 | D:3      | Reached skill level 5 in Necromancy
  2423 | D:3      | Slain by a gnoll

Illustrated notes

Levels and vault maps discovered:
D:1:      psy_arrival_fountain, layout_basic,
          shapermc_ecumenical_altar_totnotflames, serial_shops,
          nicolae_shop_behind_doors
D:2:      layout_basic, basic_altar, serial_shops, nicolae_shop_rolling_square
D:3:      layout_basic, ebering_ghost_gozag

Skill      XL: |  1  2  3  4 |
---------------+-------------+-----
Stealth        | 2 |  2.2
Dodging        | 2 |  2.6
Fighting       | 1 |  1.4
Necromancy     | 5 |  5.0
Spellcasting   | |  2.7

Action                     |  1- 3 |  4- 6 || total
---------------------------+-------+-------++-------
  Melee: Unarmed           |     3 |       ||     3
         Whip              |    10 |       ||    10
         Headbutt          |     5 |       ||     5
         Short sword       |     8 |     3 ||    11
   Cast: Necrotise         |    70 |    10 ||    80
 Armour: Robe              |    18 |    10 ||    28
  Dodge: Dodged            |    37 |     6 ||    43
